 Dungeon Crawl Stone Soup version 0.29-a0-451-gfbfa42419e (webtiles) character file.

Game seed: 1998100230380402277

54 frimble the Grasshopper (level 3, -6/31 HPs)
             Began as a Gnoll Warper on May 20, 2022.
             Killed by divine providence
             ... invoked by an orc priest
              (14 damage)
             ... on level 4 of the Dungeon.
             The game lasted 00:01:52 (2161 turns).

frimble the Grasshopper (Gnoll Warper)              Turns: 2161, Time: 00:01:53

Health: -6/31      AC:  5    Str: 10    XL:     3   Next: 91%
Magic:  9/9        EV: 12    Int: 14    God:
Gold:   96         SH:  0    Dex: 11    Spells: 10/12 levels left

rFire   . . .      SeeInvis .   h - +0 hunting sling (freeze)
rCold   . . .      Faith    .   (no shield)
rNeg    . . .      Spirit   .   a - +0 leather armour
rPois   .          Reflect  .   (no helmet)
rElec   .          Harm     .   (no cloak)
rCorr   .          Rampage  .   g - +1 pair of gloves
Will    .....                   (no boots)
Stlth   +.........              (no amulet)
HPRegen 0.10/turn               (no ring)
MPRegen 0.11/turn               (no ring)

@: no status effects
A: fangs 1, strong nose, distributed training
a: no special abilities


You were on level 4 of the Dungeon.
You visited 1 branch of the dungeon, and saw 4 of its levels.

You collected 96 gold pieces.

Inventory:

Hand Weapons
 h - a +0 hunting sling of freezing (weapon)
Missiles
 c - 7 boomerangs of dispersal
 f - 4 poisoned darts
Armour
 a - a +0 leather armour (worn)
 g - a +1 pair of gloves (worn)
Jewellery
 l - an amulet of reflection
 o - a ring of willpower
Scrolls
 b - 3 scrolls of blinking
 i - 4 scrolls of teleportation
Potions
 e - a potion of heal wounds
 m - a potion of invisibility
 p - a potion of haste {unknown}
 q - a potion of attraction {unknown}
 r - a potion of mutation {unknown}


   Skills:
 + Level 4.6 Fighting
 + Level 1.0 Short Blades
 + Level 1.0 Long Blades
 + Level 1.0 Axes
 + Level 1.0 Maces & Flails
 + Level 1.0 Polearms
 + Level 1.0 Staves
 + Level 1.0 Slings
 + Level 1.0 Bows
 + Level 1.0 Crossbows
 + Level 2.6 Throwing
 + Level 2.6 Armour
 + Level 4.6 Dodging
 + Level 1.0 Stealth
 + Level 1.0 Shields
 + Level 4.6 Unarmed Combat
 + Level 5.0 Spellcasting
 + Level 0.7 Conjurations
 + Level 0.7 Hexes
 + Level 0.7 Summonings
 + Level 0.7 Necromancy
 + Level 5.4 Translocations
 + Level 0.7 Transmutations
 + Level 0.7 Fire Magic
 + Level 0.7 Ice Magic
 + Level 0.7 Air Magic
 + Level 0.7 Earth Magic
 + Level 0.7 Poison Magic
 + Level 1.0 Invocations
 + Level 1.0 Evocations


You had 10 spell levels left.
You knew the following spells:

 Your Spells              Type           Power      Damage    Failure   Level
a - Blink                 Tloc           36%        N/A       3%          2

Your spell library contained the following spells:

 Spells                   Type           Power      Damage    Failure   Level
 Gell's Gravitas          Tloc           18%        N/A       8%          3
 Lesser Beckoning         Tloc           18%        N/A       8%          3
 Teleport Other           Tloc           18%        N/A       8%          3
 Sting                    Tmut/Pois      20%        1d4       17%         1
 Summon Small Mammal      Summ           20%        N/A       17%         1
 Poisonous Vapours        Pois/Air       10%        N/A       26%         2
 Call Canine Familiar     Summ           5%         N/A       45%         3
 Summon Guardian Golem    Hex/Summ       5%         N/A       45%         3
 Manifold Assault         Tloc           18%        N/A       56%         5
 Olgreb's Toxic Radiance  Pois           5%         N/A       86%         4


Dungeon Overview and Level Annotations

Branches:
Dungeon (4/15)
 Temple: D:4-7

Altars:
Wu Jian

Shops:
D:1 [


Innate Abilities, Weirdness & Mutations

You have very sharp teeth.
Your uncanny sense of smell can sniff out nearby items.
Your experience applies equally to all skills.


Message History

The orc priest shouts! x2
The orc misses you.
You shoot a sling bullet.
The sling bullet closely misses the orc.
The sling bullet hits the orc priest.
The sling bullet freezes the orc priest.
The orc priest is lightly wounded.
The orc hits you but does no damage.
The orc priest miscasts a cantrip.
A dart slug comes into view.
The orc priest calls upon Beogh to heal the orc priest.
The orc priest's wounds heal themselves!
The orc barely misses you.
You shoot a sling bullet.
The sling bullet hits the orc but does no damage.
You shoot a sling bullet. The sling bullet barely misses the orc.
The orc hits you with a +0 falchion.
An endoplasm comes into view.
The orc priest begins to cast a cantrip, but forgets the words!
The orc closely misses you.
You shoot a sling bullet.
The sling bullet closely misses the orc priest.
The endoplasm quivers.
The orc priest hits you but does no damage.
The orc misses you.
An orc comes into view. It is wielding a +0 short sword.
The orc priest calls down the wrath of Beogh upon you.
Beogh smites you!
The orc shouts!
You are too injured to fight recklessly!
You are too injured to fight recklessly!
You are too injured to fight recklessly!
You are too injured to fight recklessly!
You are too injured to fight recklessly!
You are too injured to fight recklessly!
The orc hits you with a +0 falchion!
* * * LOW HITPOINT WARNING * * *
The orc priest invokes the aid of Beogh against you.
Beogh smites you!
You die...

.... #.....
...##......
...............
..............
####....[....... .o
#....... .....
#...#w)..####..)##.
#.J.o).o.#.#......
#.#....o@.....#
#.......##..<##
#...#.####...# ...
## #....# .# ##...#
#####


You could see 2 orc priests, a dart slug, 2 orcs and an endoplasm.

Vanquished Creatures
  A gnoll (D:1)
  2 dart slugs
  2 orcs (D:4)
  5 endoplasms
  3 giant cockroaches
  A hobgoblin (D:2)
  A quokka (D:1)
  4 ball pythons
  A bat (D:3)
  2 frilled lizards (D:1)
  5 goblins
  3 kobolds
  7 rats
37 creatures vanquished.

Notes
Turn   | Place    | Note
-------+----------+-------------------------------------------
     0 | D:1      | frimble the Gnoll Warper began the quest for the Orb.
     0 | D:1      | Reached XP level 1. HP: 20/20 MP: 6/6
   161 | D:1      | Reached XP level 2. HP: 15/26 MP: 7/7
   177 | D:1      | Learned a level 2 spell: Blink
   318 | D:1      | Found Qijuh's Antique Armour Shop.
   533 | D:1      | Reached XP level 3. HP: 31/31 MP: 9/9
   677 | D:2      | Reached skill level 5 in Spellcasting
   713 | D:2      | Found an ornate altar of the Wu Jian Council.
  1150 | D:3      | Reached skill level 1 in Invocations
  1601 | D:3      | Found a faded altar of an unknown god.
  2144 | D:4      | Reached skill level 1 in Short Blades
  2144 | D:4      | Reached skill level 1 in Long Blades
  2144 | D:4      | Reached skill level 1 in Axes
  2144 | D:4      | Reached skill level 1 in Maces & Flails
  2144 | D:4      | Reached skill level 1 in Polearms
  2144 | D:4      | Reached skill level 1 in Staves
  2144 | D:4      | Reached skill level 1 in Slings
  2144 | D:4      | Reached skill level 1 in Bows
  2144 | D:4      | Reached skill level 1 in Crossbows
  2144 | D:4      | Reached skill level 1 in Stealth
  2144 | D:4      | Reached skill level 1 in Shields
  2144 | D:4      | Reached skill level 1 in Evocations
  2161 | D:4      | Killed from afar by an orc priest

Illustrated notes

Levels and vault maps discovered:
D:1:      eino_arrival_cavern_c, layout_rooms, serial_shops,
          nicolae_shop_temple_entry_statues_fountains, moated_statue,
          minmay_pentomino_s2
D:2:      layout_basic, basic_altar
D:3:      layout_loops_corners, shapermc_ecumenical_altar_venn
D:4:      layout_cave_pools, minmay_temple_entry_arrows, nicolae_shop_gadgets,
          uniq_edmund, uniq_crazy_yiuf_cottage

Skill      XL: |  1  2  3 |
---------------+----------+-----
Spellcasting   | 5 |  5.0
Invocations    | 1 |  1.0
Short Blades   | 1 |  1.0
Long Blades    | 1 |  1.0
Axes           | 1 |  1.0
Maces & Flails | 1 |  1.0
Polearms       | 1 |  1.0
Staves         | 1 |  1.0
Slings         | 1 |  1.0
Bows           | 1 |  1.0
Crossbows      | 1 |  1.0
Stealth        | 1 |  1.0
Shields        | 1 |  1.0
Evocations     | 1 |  1.0
Fighting       | |  4.6
Throwing       | |  2.6
Armour         | |  2.6
Dodging        | |  4.6
Unarmed Combat | |  4.6
Conjurations   | |  0.7
Hexes          | |  0.7
Summonings     | |  0.7
Necromancy     | |  0.7
Translocations | |  5.4
Transmutations | |  0.7
Fire Magic     | |  0.7
Ice Magic      | |  0.7
Air Magic      | |  0.7
Earth Magic    | |  0.7
Poison Magic   | |  0.7

Action                   || total
-------------------------++-------
Melee: Unarmed           ||    16
       Bite              ||     2
 Fire: Hunting sling     ||    91
Throw: Dart              ||     4
  Use: Scroll            ||     6
Armor: Leather armour    ||    15
Dodge: Dodged            ||    42

Table legend: (Time is in decaauts)
 A = Elapsed time spent in this place.
 B = Non-inter-level travel time spent in this place.
 C = Inter-level travel time spent in this place.
 D = Time resting spent in this place.
 E = Time spent auto-exploring this place.
 F = Levels seen in this place.
 G = Mean time per level.
                   A        B        C        D        E       F      G
               +--------+--------+--------+--------+--------+-----+--------+
         Total |   2204 |   2129 |     75 |      0 |   1827 |   4 |  551.0 |
       Dungeon |   2204 |   2129 |     75 |      0 |   1827 |   4 |  551.0 |
               +--------+--------+--------+--------+--------+-----+--------+

Top non-repeatable levels by time:
     D:3: 1025 daAuts
     D:1: 683 daAuts
     D:2: 466 daAuts
     D:4: 28 daAuts
